 Dungeon Crawl Stone Soup version 0.31-a0-233-g139696dc86 (webtiles) character file.

Game seed: 10777553239708271909

20 Iniera the Sneak (level 2, -2/23 HPs)
             Began as a Mummy Brigand on July 9, 2023.
             Slain by a worm (3 damage)
             ... on level 1 of the Dungeon.
             The game lasted 00:01:29 (651 turns).

Iniera the Sneak (Mummy Brigand)                     Turns: 651, Time: 00:01:30

Health: -2/23      AC:  3    Str: 14    XL:     2   Next: 58%
Magic:  2/2        EV: 11    Int: 10    God:
Gold:   66         SH:  0    Dex: 13    Spells: 1/1 levels left

rFire   x . .        a - +2 dagger
rCold   + . .        (no shield)
rNeg    + + +        b - +0 robe
rPois   ∞            (no helmet)
rElec   .            c - +0 cloak
rCorr   .            (no gloves)
SInv    .            (no boots)
Will    .....        (no amulet)
Stlth   ++           (no ring)
HPRegen 0.23/turn    (no ring)
MPRegen 0.08/turn

%: faith
@: no status effects
A: cold resistance 1, negative energy resistance 3, torment resistance 2, heat
vulnerability 1, no potions, faith
a: no special abilities


You were on level 1 of the Dungeon.
You visited 1 branch of the dungeon, and saw 2 of its levels.

You collected 66 gold pieces.

Inventory:

Hand Weapons
 a - a +2 dagger (weapon)
Missiles
 z - 7 curare-tipped darts
Armour
 b - a +0 robe (worn)
 c - a +0 cloak (worn)
Scrolls
 e - a scroll of acquirement {unknown}
 f - a scroll of torment {unknown}
 g - a scroll of vulnerability {unknown}


   Skills:
 + Level 2.6 Fighting
 - Level 1.5 Short Blades
 - Level 1.5 Throwing
 + Level 1.2 Armour
 - Level 0.7 Dodging
 - Level 3.2 Stealth


You had one spell level left.
You didn't know any spells.
Your spell library was empty.

Dungeon Overview and Level Annotations

Branches:
Dungeon (2/15)

Altars:


Innate Abilities, Weirdness & Mutations

You are immune to poison.
Your flesh is cold resistant. (rC+)
You are immune to negative energy. (rN+++)
You are immune to unholy pain and torment.
You are vulnerable to heat. (rF-)
You do not drink.
You have a special connection with the divine. (Faith)


Message History

The worm is poisoned.
The worm is lightly wounded.
Throw: 4 darts (poison)
Press: ? - help, Q - select action, (/) - cycle Shift-Dir - straight line, f/p - worm
Aim: a worm (lightly wounded, poisoned, 77% to hit)
You throw a poisoned dart.
The poisoned dart completely misses the worm.
Throw: 3 darts (poison)
Press: ? - help, Q - select action, (/) - cycle Shift-Dir - straight line, f - you, p - worm
Okay, then.
Throw: 3 darts (poison)
Press: ? - help, Q - select action, (/) - cycle Shift-Dir - straight line, f/p - worm
Aim: a worm (lightly wounded, poisoned, 77% to hit)
You throw a poisoned dart. The poisoned dart hits the worm.
The worm looks even sicker.
The worm is lightly wounded.
Throw: 2 darts (poison)
Press: ? - help, Q - select action, (/) - cycle Shift-Dir - straight line, f/p - worm
Aim: a worm (lightly wounded, very poisoned, 77% to hit)
You throw a poisoned dart. The poisoned dart hits the worm.
The worm looks even sicker.
The worm is lightly wounded.
Throw: dart (poison)
Press: ? - help, Q - select action, (/) - cycle Shift-Dir - straight line, f/p - worm
Aim: a worm (very poisoned, 77% to hit)
You throw a poisoned dart. The poisoned dart hits the worm.
The worm looks as sick as possible!
The worm barely misses you.
You hit the worm.
The worm is moderately wounded.
You hit the worm.
The worm is heavily wounded.
The worm bites you!
* * * LOW HITPOINT WARNING * * *
You barely miss the worm.
The worm is heavily wounded.
You hit the worm.
The worm is severely wounded.
The worm bites you.
You die...

#.#########.######## #.#
#........### #.###
########...# #...# #.#.#
#.#.# #...# #...# #######
##.## ##.## #.....# ###.#####
#.# #.....# #.......#
######.# #....@# #....##.#
#......# #....w####.....#.#
###''### #....(.........#.#
#§≈..≈≈### ###............#.#
≈≈§..≈≈≈≈###.......).....##.#
≈#≈..§#≈≈≈##....(...........#
≈§≈..§≈≈≈≈##....(.....##.####
§§≈.§§§≈§≈≈#..........##.#
≈≈#..#§≈≈§§####.>........#


You could see a worm (very poisoned).

Vanquished Creatures
  3 dart slugs (D:1)
  An endoplasm (D:1)
  2 goblins (D:1)
  4 kobolds (D:1)
  A bat (D:1)
  3 rats (D:1)
14 creatures vanquished.

Notes
Turn   | Place    | Note
-------+----------+-------------------------------------------
     0 | D:1      | Iniera the Mummy Brigand began the quest for the Orb.
     0 | D:1      | Reached XP level 1. HP: 16/16 MP: 1/1
   143 | D:1      | Reached XP level 2. HP: 23/23 MP: 2/2
   348 | D:1      | Reached skill level 1 in Armour
   649 | D:1      | HP: 1/23 [worm (10)]
   651 | D:1      | Slain by a worm

Illustrated notes

Levels and vault maps discovered:
D:1:      lightli_molten_gateway, layout_loops_cross
D:2:      layout_basic, serial_shops, shop, ebering_ecumenical_altar_ruins

Skill      XL: |  1  2 |
---------------+-------+-----
Armour         | 1 |  1.2
Fighting       | |  2.6
Short Blades   | |  1.5
Throwing       | |  1.5
Dodging        | |  0.7
Stealth        | |  3.2

Action                     || total
---------------------------++-------
  Melee: Dagger            ||    43
  Throw: Dart              ||     9
   Stab: Sleeping          ||     4
 Armour: Robe              ||     7
  Dodge: Dodged            ||    17

Table legend: (Time is in decaauts)
 A = Elapsed time spent in this place.
 B = Non-inter-level travel time spent in this place.
 C = Inter-level travel time spent in this place.
 D = Time resting spent in this place.
 E = Time spent auto-exploring this place.
 F = Levels seen in this place.
 G = Mean time per level.
                   A        B        C        D        E       F      G
               +--------+--------+--------+--------+--------+-----+--------+
         Total |    647 |    642 |      5 |      0 |    493 |   2 |  323.5 |
       Dungeon |    647 |    642 |      5 |      0 |    493 |   2 |  323.5 |
               +--------+--------+--------+--------+--------+-----+--------+

Top non-repeatable levels by time:
     D:1: 630 daAuts
     D:2: 17 daAuts
